 Dungeon Crawl Stone Soup version 0.24-a0-275-g6f7e2cb4ba (webtiles) character file.

Game seed: 15361664032800536660

52 Redear the Shield-Bearer (level 3, -6/31 HPs)
             Began as a Demigod Fighter on Apr 28, 2019.
             Killed by divine providence
             ... invoked by an orc priest
              (12 damage)
             ... on level 2 of the Dungeon.
             The game lasted 00:02:33 (1597 turns).

Redear the Shield-Bearer (Demigod Fighter)          Turns: 1597, Time: 00:02:34

Health: -6/31      AC:  6    Str: 21    XL:     3   Next: 39%
Magic:  5/5        EV:  9    Int: 12    God:
Gold:   60         SH:  0    Dex: 15    Spells: 2/2 levels left

rFire    + . .     SeeInvis .   a - +0 war axe
rCold    + . .     Gourm    .   (no shield)
rNeg     . . .     Faith    .   b - +0 scale mail
rPois    +         Spirit   .   (no helmet)
rElec    +         Reflect  .   (no cloak)
rCorr    +         Harm     .   (no gloves)
MR       .....                  (no boots)
Stlth    ..........             (no amulet)
HPRegen  0.10/turn              (no ring)
MPRegen  0.09/turn              (no ring)

@: resistant
A: high mp 1
a: no special abilities


You were on level 2 of the Dungeon.
You were not hungry.

You visited 1 branch of the dungeon, and saw 2 of its levels.

You collected 60 gold pieces.

Inventory:

Hand Weapons
 a - a +0 war axe (weapon)
Missiles
 k - 77 stones (quivered)
Armour
 b - a +0 scale mail (worn)
 c - a +0 shield
Scrolls
 e - 2 scrolls of immolation {unknown}
 f - a scroll of fog {unknown}
 g - 2 scrolls of remove curse {unknown}
 i - a scroll of amnesia {unknown}
 j - a scroll of enchant armour {unknown}
 l - a scroll of identify {unknown}
 m - a scroll of enchant weapon {unknown}
Potions
 d - a potion of might {Str+5 DMG+1d10 | @q3}
Comestibles
 n - 2 chunks of flesh
 z - 4 rations


   Skills:
 + Level 3.1 Fighting
 + Level 2.3 Axes
 + Level 3.1 Armour
 + Level 3.1 Shields


You had 2 spell levels left.
You didn't know any spells.
Your spell library was empty.

Dungeon Overview and Level Annotations

Branches:
Dungeon (2/15)


Innate Abilities, Weirdness & Mutations

You have an increased reservoir of magic. (+10% MP)


Message History

Pain shoots through your body!
* * * LOW HITPOINT WARNING * * *
You take 14 damage, and have 3/31 hp.
MASSIVE DAMAGE!!
Unknown command.
Unknown command.
Okay, then.
It was a potion of resistance.
You feel protected. The orc hits you but does no damage.
Unknown command.
Unknown command.
The orc priest begins to cast a cantrip, but forgets the words!
The orc priest looks encouraged for a moment.
You aren't carrying any items that you can evoke.
Unknown command.
Okay, then.
You see here a mace.
The orc priest mumbles some strange prayers to Beogh against you.
Beogh smites you!
You die...

###.#oo.#.#........o#
#.............#...#o#
#.#.#.......#.##.##.#
#.#.#.......#.##o##)#
....#.......#.##.##o#
#...........#.......#
:.#########..###o####
.........###.# #.#
...≈...≈..##.###@###
..........o#.......#
......o...⌠#..####.#
>..o.......#.## .#
#..≈...≈..##.# #
#........###.# #########
########..# #...<...#
.........###### #.#####.####
#.#..........<.###.#####.....


You could see an orc priest and an orc.

Vanquished Creatures
  An ooze (D:1)
  A worm (D:2)
  3 dart slugs
  2 leopard geckos
  4 orcs (D:2)
  3 goblins
  3 hobgoblins (D:1)
  A ball python (D:1)
  4 bats
  2 frilled lizards (D:2)
  4 kobolds
  7 rats
  A plant (D:1)
36 creatures vanquished.

Notes
Turn   | Place    | Note
-------+----------+-------------------------------------------
     0 | D:1      | Redear the Demigod Fighter began the quest for the Orb.
     0 | D:1      | Reached XP level 1. HP: 18/18 MP: 3/3
   161 | D:1      | Reached skill level 2 in Axes
   161 | D:1      | Reached XP level 2. HP: 22/25 MP: 4/4
   713 | D:1      | Reached skill level 3 in Shields
   726 | D:1      | Reached skill level 3 in Fighting
   726 | D:1      | Reached skill level 3 in Armour
  1388 | D:2      | Reached XP level 3. HP: 28/31 MP: 5/5
  1564 | D:2      | HP: 3/31 [orc priest/nerve-wracking pain (14)]
  1597 | D:2      | Killed from afar by an orc priest

Levels and vault maps discovered:
D:1:      lightli_arrival_noodles, layout_loops_corners, serial_forest,
          infiniplex_forest_clump_tiny, infiniplex_forest_clump_small,
          infiniplex_forest_straight_2, infiniplex_forest_join,
          infiniplex_forest_clump_small, infiniplex_forest_end_1,
          infiniplex_forest_clump_C, infiniplex_forest_straight_3, st_stairs_13
D:2:      cheibrodos_pilgrimage, layout_loops_cross

Skill      XL: |  1  2 |
---------------+-------+-----
Axes           | 2 |  2.3
Shields        | 3 |  3.1
Fighting       | 3 |  3.1
Armour         | 3 |  3.1

Action                   || total
-------------------------++-------
Melee: War axe           ||   119
  Use: Potion            ||     1
  Eat: Chunk             ||     2
Armor: Scale mail        ||    49
Dodge: Dodged            ||    67

Table legend:
 A = Non-vault XP
 B = Vault XP
 C = Vault XP percentage of total XP
 D = Non-vault monster count
 E = Vault monster count
 F = Vault count percentage of total count
                 A         B        C        D         E       F
            +---------+---------+-------+---------+---------+-------
      Total |      59 |      16 |  21.3 |      29 |       6 |  17.1
            +---------+---------+-------+---------+---------+-------
        D:1 |      39 |       4 |   9.3 |      20 |       2 |   9.1
        D:2 |      20 |      12 |  37.5 |       9 |       4 |  30.8
            +---------+---------+-------+---------+---------+-------
